 Dungeon Crawl Stone Soup version 0.27.1-33-g824d729ab1 (webtiles) character file.

Game seed: 15157149679693276715

6 austinbyrn the Cudgeller (level 1, -1/14 HPs)
             Began as a Gargoyle Berserker on Dec 9, 2021.
             Was a Follower of Trog.
             Frozen to death by an endoplasm (3 damage)
             ... on level 1 of the Dungeon.
             The game lasted 00:03:13 (73 turns).

austinbyrn the Cudgeller (Gargoyle Berserker)         Turns: 73, Time: 00:03:13

Health: -1/14      AC:  4    Str: 20    XL:     1   Next: 90%
Magic:  1/1        EV: 11    Int:  7    God:    Trog [*.....]
Gold:   13         SH:  0    Dex:  9    Spells: 0/0 levels left

rFire    . . .     SeeInvis .   a - +0 mace
rCold    . . .     Faith    .   (no shield)
rNeg     + . .     Spirit   .   b - +0 animal skin
rPois    ∞         Reflect  .   (no helmet)
rElec    +         Harm     .   (no cloak)
rCorr    .         Rampage  .   (no gloves)
Will     .....                  (no boots)
Stlth    +.........             (no amulet)
HPRegen  0.04/turn              (no ring)
MPRegen  0.07/turn              (no ring)

@: no status effects
A: sickness immunity, AC +2, negative energy resistance 1, electricity
resistance, torment resistance 1, petrification resistance
a: Renounce Religion, Berserk


You were on level 1 of the Dungeon.
You worshipped Trog.
Trog was aware of your devotion.
You visited 1 branch of the dungeon, and saw 1 of its levels.

You collected 13 gold pieces.

Inventory:

Hand Weapons
 a - a +0 mace (weapon)
Armour
 b - a +0 animal skin (worn)


   Skills:
 - Level 3.2 Fighting
 + Level 3.4 Maces & Flails
 - Level 2.1 Armour
 - Level 1.5 Dodging


You couldn't memorise any spells.
You didn't know any spells.
Your spell library was empty.

Dungeon Overview and Level Annotations

Branches:
Dungeon (1/15)

Altars:


Innate Abilities, Weirdness & Mutations

You are immune to sickness and miasma.
Your stone body is resilient. (AC +2)
You are immune to poison.
You resist negative energy. (rN+)
You are resistant to electric shocks. (rElec)
You are resistant to unholy torment.
You are immune to petrification.


Message History

You closely miss the goblin. The goblin hits you with a +0 dagger.
You completely miss the goblin. The goblin hits you but does no damage.
You hit the goblin.
The goblin is moderately wounded.
The goblin barely misses you.
You closely miss the goblin.
The goblin is moderately wounded.
The goblin barely misses you. The goblin closely misses you.
You barely miss the goblin.
The goblin is moderately wounded.
The goblin hits you with a +0 dagger.
You sock the goblin!
You kill the goblin!
Trog accepts your kill. The ball python closely misses you. x2
You closely miss the ball python. The ball python misses you.
The ball python grabs you. The ball python constricts you.
You barely miss the ball python.
The ball python bites you but does no damage.
The ball python constricts you.
The ball python bites you but does no damage.
The ball python constricts you.
You hit the ball python.
You kill the ball python!
Trog accepts your kill.
You start resting.
An endoplasm comes into view.
You see here a +0 club.
You start resting.
An endoplasm is nearby!
The endoplasm quivers.
You barely miss the endoplasm. The endoplasm freezes you.
You are frozen.
* * * LOW HITPOINT WARNING * * *
You hit the endoplasm.
The endoplasm is almost dead.
The endoplasm freezes you.
You are frozen.
You die...

######.###... ..#
............. #.# ........
...# #.# .#####.# #..# #.#
.# #.##..#.#####)######.#
.# #....#........†....J. .#
#..#######)######.. .#
#....#####.###### .##
#.##^..@J.........
..########.########.#######
......†.........# #.#
#.########..........# ##.
#.####.##### #. ..# # ##
###


You could see an endoplasm.

Vanquished Creatures
  2 ball pythons (D:1)
  2 goblins (D:1)
  A rat (D:1)
5 creatures vanquished.

Notes
Turn   | Place    | Note
-------+----------+-------------------------------------------
     0 | D:1      | austinbyrn the Gargoyle Berserker began the quest for the
                  | Orb.
     0 | D:1      | Reached XP level 1. HP: 14/14 MP: 1/1
    73 | D:1      | Frozen to death by an endoplasm

Illustrated notes

Levels and vault maps discovered:
D:1:      dpeg_arrival_water_altar, layout_loops_ring, st_stairs_1

Action                   || total
-------------------------++-------
Melee: Mace              ||    16
Armor: Animal skin       ||     7
Dodge: Dodged            ||     7
